cohdb
Replays
Latest Replays
All Replays
Popular Replays
Top Player Replays
Match Explorer
How It Works
Community
CoH3 Stats
Reddit
Sign in to upload your games and track your stats! →
Sign in with Steam
Match 39426091
Unlisted
Match 39426091
Overview
Messages
Build Orders
End
Construct Barracks
Engineer Squad
Riflemen Squad
Riflemen Squad
Riflemen Squad
Infantry Support Center
Selects Advanced Infantry Battlegroup
Selects Convert to Ranger Squad
Construct Motor Pool
Convert to Ranger Squad
M1 Anti-tank Gun Team
M24 Chaffee Light Tank
Selects Designate Assault Position
Survival Training
Selects Infantry Assault
M24 Chaffee Light Tank
Selects Ammunition Storage
Infantry Assault
Grenade Package
M8 Greyhound Armored Car
M1 Anti-tank Gun Team
Selects M2A1 105mm Howitzer Emplacement
Selects 155mm Rapid Artillery Barrage
Advanced Logistics
M1 Anti-tank Gun Team
Infantry Assault
M1 Anti-tank Gun Team
Sarmynation
schulz
Zarathoustra
BigTiddyLebron
0
0
Comments
sign in to comment!
No comments posted yet!